 Dungeon Crawl Stone Soup version 0.30-a0-571-gdf30a72648 (webtiles) character file.

Game seed: 3045275429217486557

114 IdlyInterested the Cudgeller (level 4, 0/35 HPs)
             Began as a Demonspawn Fighter on Dec 29, 2022.
             Succumbed to Crazy Yiuf's poison
             ... on level 2 of the Dungeon.
             The game lasted 00:04:30 (1417 turns).

IdlyInterested the Cudgeller (Demonspawn Fighter)   Turns: 1417, Time: 00:04:30

Health: 0/35       AC: 12    Str: 18    XL:     4   Next: 66%
Magic:  4/4        EV:  6    Int:  9    God:
Gold:   103        SH:  4    Dex: 13    Spells: 3/3 levels left

rFire   . . .      SeeInvis .    a - +0 flail
rCold   . . .      Faith    .    c - +0 buckler
rNeg    . . .      Spirit   .    k - +0 chain mail
rPois   .          Reflect  .    e - +0 helmet
rElec   .          Harm     .    j - +0 cloak
rCorr   .          Rampage  .    (no gloves)
Will    .....                    m - +0 pair of boots Stlth
                                 (no amulet)
HPRegen 0.25/turn                (no ring)
MPRegen 0.09/turn                (no ring)

@: lethally poisoned (0 -> -3)
A: claws 1, foul stench 1
a: no special abilities


You were on level 2 of the Dungeon.
You visited 1 branch of the dungeon, and saw 2 of its levels.

You collected 103 gold pieces.

Inventory:

Hand Weapons
 a - a +0 flail (weapon)
 g - a +1 short sword of speed
Missiles
 h - 7 stones (quivered)
 n - 6 poisoned darts
Armour
 b - a +0 scale mail
 c - a +0 buckler (worn)
 e - a +0 helmet (worn)
 j - a +0 cloak (worn)
 k - a +0 chain mail (worn)
 m - a +0 pair of boots (worn)
Scrolls
 d - a scroll of immolation {unknown}
 p - 3 scrolls of fog {unknown}
Potions
 l - a potion of flight
 o - a potion of magic


   Skills:
 - Level 3.0 Fighting
 + Level 4.5 Maces & Flails
 - Level 2.6 Armour
 - Level 2.6 Shields


You had 3 spell levels left.
You didn't know any spells.
Your spell library was empty.

Dungeon Overview and Level Annotations

Branches:
Dungeon (2/15)

Altars:


Innate Abilities, Weirdness & Mutations

You have sharp fingernails.
You may rarely emit foul miasma when damaged in melee.


Message History

You hit the giant cockroach.
You kill the giant cockroach!
You see here a giant cockroach corpse.
You see here a giant cockroach corpse.
Things that are here:
a +0 dagger; a goblin skeleton You see here a +0 ring mail.
Crazy Yiuf shouts!
As you read the scroll of identify, it crumbles to dust.
o - a potion of magic You open the door.
You barely miss Crazy Yiuf. Crazy Yiuf hits you but does no damage.
You are poisoned.
Throw: throwing net
Press: ? - help, Shift-Dir - straight line, f - Crazy Yiuf
Aim: Crazy Yiuf, wielding a +2 quarterstaff of chaos and wearing a +0 cloak (61% to hit)
You throw a throwing net.
The throwing net closely misses Crazy Yiuf.
You feel very sick.
Crazy Yiuf hits you with a +2 quarterstaff of chaos!
Crazy Yiuf burns you.
You hit Crazy Yiuf.
Crazy Yiuf is moderately wounded.
You feel very sick.
Crazy Yiuf hits you with a +2 quarterstaff of chaos!
* * * LOW HITPOINT WARNING * * *
You block Crazy Yiuf's attack.
Okay, then.
You hit Crazy Yiuf.
Crazy Yiuf is heavily wounded.
* * * LOW HITPOINT WARNING * * *
You feel sick.
Crazy Yiuf laughs, "Adder mumblescurry turtle!"
Crazy Yiuf closely misses you.
You sock Crazy Yiuf!
You kill Crazy Yiuf!
* * * LOW HITPOINT WARNING * * *
You feel sick.
Okay, then.
You die...

#####
#.()#
#...# ...
#)# ♣♣@♣
#####
♣.♣♣
....#
♣♣.♣
....#
♣.♣♣
....#
♣♣.♣♣
....#
♣...♣♣
....#
♣....♣
....#
#....#
....#
####....#


There were no monsters in sight!

Vanquished Creatures
  Crazy Yiuf (D:2)
  Robin (D:2)
  2 dart slugs
  6 ball pythons
  4 endoplasms
  2 giant cockroaches
  13 goblins
  10 hobgoblins
  3 jackals (D:2)
  3 kobolds (D:1)
  4 quokkas
  6 bats
  4 frilled lizards
  4 rats
63 creatures vanquished.

Notes
Turn   | Place    | Note
-------+----------+-------------------------------------------
     0 | D:1      | IdlyInterested the Demonspawn Fighter began the quest for
                  | the Orb.
     0 | D:1      | Reached XP level 1. HP: 18/18 MP: 1/1
    21 | D:1      | Reached skill level 2 in Maces & Flails
   145 | D:1      | Gained mutation: You have sharp fingernails. [demonic
                  | ancestry]
   145 | D:1      | Reached XP level 2. HP: 24/24 MP: 2/2
   207 | D:1      | Reached skill level 3 in Maces & Flails
   338 | D:1      | Reached XP level 3. HP: 28/29 MP: 3/3
   744 | D:2      | Noticed Robin
   773 | D:2      | Killed Robin
   780 | D:2      | Gained mutation: You may rarely emit foul miasma when
                  | damaged in melee. [demonic ancestry]
   780 | D:2      | Reached XP level 4. HP: 15/35 MP: 4/4
   888 | D:2      | Reached skill level 4 in Maces & Flails
   972 | D:2      | Found a runed translucent door.
   973 | D:2      | Noticed Crazy Yiuf
  1416 | D:2      | Killed Crazy Yiuf
  1416 | D:2      | HP: 1/35 [poisoned by Crazy Yiuf]
  1417 | D:2      | Succumbed to Crazy Yiuf's poison

Illustrated notes

Levels and vault maps discovered:
D:1:      dpeg_arrival_shelter, layout_rooms, grunt_decor_clamped,
          palyth_stone_intersect
D:2:      minmay_angry_zag, layout_rooms, uniq_robin, uniq_crazy_yiuf_cottage

Skill      XL: |  1  2  3  4 |
---------------+-------------+-----
Maces & Flails | 2 3 4 |  4.5
Fighting       | |  3.0
Armour         | |  2.6
Shields        | |  2.6

Action                   |  1- 3 |  4- 6 || total
-------------------------+-------+-------++-------
Melee: Flail             |    98 |    47 ||   145
       Unarmed           |    14 |       ||    14
Throw: Throwing net      |     1 |     1 ||     2
       Dart              |     1 |       ||     1
       Stone             |     1 |       ||     1
  Use: Scroll            |     5 |     1 ||     6
       Potion            |     2 |       ||     2
Armor: Scale mail        |    57 |     8 ||    65
       Skin              |    18 |       ||    18
       Chain mail        |       |    19 ||    19
Dodge: Dodged            |    67 |    14 ||    81
Block: Buckler           |    27 |     9 ||    36

Table legend: (Time is in decaauts)
 A = Elapsed time spent in this place.
 B = Non-inter-level travel time spent in this place.
 C = Inter-level travel time spent in this place.
 D = Time resting spent in this place.
 E = Time spent auto-exploring this place.
 F = Levels seen in this place.
 G = Mean time per level.
                   A        B        C        D        E       F      G
               +--------+--------+--------+--------+--------+-----+--------+
         Total |   1457 |   1430 |     27 |    116 |    812 |   2 |  728.5 |
       Dungeon |   1457 |   1430 |     27 |    116 |    812 |   2 |  728.5 |
               +--------+--------+--------+--------+--------+-----+--------+

Top non-repeatable levels by time:
     D:2: 752 daAuts
     D:1: 705 daAuts
